 Dungeon Crawl Stone Soup version 0.30-a0-475-g03497ec522 (webtiles) character file.

Game seed: 165234568124478530

28495 ragingrage the Ripper (level 13, -14/91 HPs)
             Began as a Felid Berserker on Dec 20, 2022.
             Was a High Priest of Trog.
             Demolished by an orc warlord
             ... wielding a +4 vorpal battleaxe
              (24 damage)
             ... on level 1 of the Orcish Mines.
             The game lasted 00:33:59 (30519 turns).

ragingrage the Ripper (Felid Berserker)            Turns: 30519, Time: 00:33:59

Health: -14/91     AC:  3    Str: 17    XL:     13   Next: 10%
Magic:  14/14      EV: 25    Int: 16    God:    Trog [*****.]
Gold:   1803       SH:  0    Dex: 15    Spells: 12/12 levels left
                                        Lives:  0   Deaths: 3

rFire   + . .      SeeInvis +      - Unarmed
rCold   + . .      Faith    .    (shield unavailable)
rNeg    . . .      Spirit   .    (body armour unavailable)
rPois   .          Reflect  .    (helmet unavailable)
rElec   .          Harm     .    (cloak unavailable)
rCorr   .          Rampage  .    (gloves unavailable)
Will    +....                    (boots unavailable)
Stlth   ..........               d - amulet of magic regeneration
HPRegen 0.35/turn                u - ring of protection from fire
MPRegen 0.54/turn                I - +6 ring of intelligence

@: berserking, very quick
A: very small, claws 1, fangs 3, see invisible, speed 1, shaggy fur 3, stealthy
paws, no weapons or thrown items, no armour, multi-lived
a: Renounce Religion, Berserk, Trog's Hand, Brothers in Arms


You were on level 1 of the Orcish Mines.
You worshipped Trog.
Trog was extremely pleased with you.
You visited 3 branches of the dungeon, and saw 18 of its levels.

You collected 2055 gold pieces.
You spent 252 gold pieces at shops.

Inventory:

Jewellery
 d - an amulet of magic regeneration (around neck)
 h - a ring of fire
 u - a ring of protection from fire (left paw)
 I - a +6 ring of intelligence (right paw)
Wands
 v - a wand of light (6)
 y - a wand of digging (5)
 z - a wand of flame (33)
 H - a wand of paralysis (9)
Scrolls
 a - 3 scrolls of blinking {unknown}
 c - 3 scrolls of fog
 i - 3 scrolls of enchant armour {unknown}
 k - 2 scrolls of fear
 n - 7 scrolls of vulnerability
 o - a scroll of acquirement {unknown}
 p - 9 scrolls of teleportation
 q - 6 scrolls of magic mapping
 t - a scroll of summoning {unknown}
 x - 2 scrolls of silence
 E - a scroll of immolation {unknown}
Potions
 b - a potion of might
 e - 3 potions of heal wounds
 f - 4 potions of attraction
 g - 2 potions of lignification
 j - 6 potions of mutation
 l - 3 potions of magic
 m - 4 potions of berserk rage
 s - 4 potions of flight
 w - a potion of cancellation {unknown}
 A - 2 potions of resistance {unknown}
 C - 3 potions of haste {unknown}
 F - 7 potions of curing
 G - a potion of brilliance {unknown}


   Skills:
 + Level 10.3 Fighting
 + Level 13.0 Dodging
 + Level 16.5 Stealth
 * Level 17.3 Unarmed Combat
 - Level 9.0 Evocations


You had 12 spell levels left.
You didn't know any spells.
Your spell library was empty.

Dungeon Overview and Level Annotations

Branches:
Dungeon (12/15)            Temple (0/1) D:4            Lair (5/5) D:9
  Swamp (0/4) Lair:2       Spider (0/4) Lair:3        Slime (0/5) Lair:4
    Orc (1/2) D:11

Altars:
Ashenzari
Cheibriados
Elyvilon
Gozag
Qazlal
Trog
Wu Jian
Zin
Jiyva

Shops:
D:8 *   Orc:1 ?

Annotations:
D:8 exclusion: downstairs
D:10 1 runed translucent door, Dordric's ghost, journeyman FoFi
Lair:4 2 transporters, 2 runed translucent doors, lotum's ghost, journeyman GrEE
Orc:1 3 runed translucent doors, p00ps00p's ghost, journeyman HOFi


Innate Abilities, Weirdness & Mutations

You have sharp claws.
You have razor-sharp teeth.
You have supernaturally acute eyesight. (SInv)
You cover ground quickly. (Speed+)
Your thick and shaggy fur keeps you warm. (AC +3, rC+)
Your paws help you pounce on unaware monsters.
You are incapable of wielding weapons or throwing items.
You cannot wear armour.
You gain extra lives every three experience levels.


Message History

HP restored.
You climb downwards.
Welcome back to the Orcish Mines!
Level annotation: 3 runed translucent doors, p00ps00p's ghost, journeyman HOFi The orc warlord misses you.
There is a staircase back to the Dungeon here.
Unknown command.
A red film seems to cover your vision as you go berserk!
You feel yourself moving faster!
You feel mighty! The orc warlord misses you.
You closely miss the orc warlord. Your bite misses the orc warlord.
You claw the orc warlord! Your bite misses the orc warlord.
The orc warlord is lightly wounded.
The orc warlord hits you with a +4 vorpal battleaxe!!
You scratch the orc warlord but do no damage.
The orc warlord is lightly wounded.
You completely miss the orc warlord.
The orc warlord is lightly wounded.
The orc warlord hits you with a +4 vorpal battleaxe!!
You scratch the orc warlord but do no damage.
The orc warlord is lightly wounded.
You claw the orc warlord!
The orc warlord is moderately wounded.
The orc warlord hits you with a +4 vorpal battleaxe!!
* * * LOW HITPOINT WARNING * * *
x2 You barely miss the orc warlord.
The orc warlord is moderately wounded.
You claw the orc warlord!
You claw the orc warlord, but do no damage.
The orc warlord is moderately wounded.
The orc warlord misses you.
You mangle the orc warlord!!
The orc warlord is heavily wounded.
You claw the orc warlord!
The orc warlord is severely wounded.
The orc warlord barely misses you.
You claw the orc warlord!
The orc warlord is almost dead.
You scratch the orc warlord but do no damage.
The orc warlord is almost dead.
The orc warlord hits you with a +4 vorpal battleaxe!!
You die...

##....#....#....#..
###.....###......###.
##.......##........#..
##....##.......#.......
##......###.....###...##
#.#....###.....####..##
####....#.......#.#...##
#.....[.......#.......
##...@.[.###..).)#....
##..o...# #..[[.)..∩.
####...# ##[).>#[...
#...## #...##..∩. #####
######..## #...## ##...#
##..## #...#


You could see an orc warlord.

Vanquished Creatures
  A fire dragon (Lair:5)
  Harold (D:9)
  7 hydras
  2 catoblepae (Lair:5)
  A boulder beetle (Lair:5)
  Erica (D:8)
  3 two-headed ogres
  3 death yaks (Lair:5)
  Urug (Lair:4)
  3 bog bodies (Lair:2)
  4 lindwurms (Lair:5)
  Pikel (D:8)
  An orc sorcerer (Orc:1)
  3 manticores
  A black mamba (Lair:3)
  13 elephants
  Maurice (D:9)
  5 torpor snails
  14 cane toads
  An unseen horror (D:11)
  5 rime drakes
  Maggie (D:6)
  A kobold demonologist (D:10)
  8 komodo dragons
  3 trolls
  A polar bear (Lair:4)
  3 tyrant leeches (Lair:5)
  9 blink frogs
  A slime creature (D:11)
  8 hornets
  15 dream sheep
  9 wyverns
  60 yaks
  A basilisk (Lair:3)
  A steam dragon (D:10)
  Menkaure (D:5)
  2 acid dragons
  3 wargs (Orc:1)
  2 swamp worms (Lair:2)
  16 water moccasins
  A sky beast (D:8)
  7 orc warriors
  6 wolves (Lair:5)
  An ogre (D:6)
  A centaur (D:7)
  A kobold brigand (D:8)
  A necrophage (D:5)
  5 bullfrogs
  2 scorpions
  5 wights
  15 killer bees
  3 electric eels
  8 howler monkeys
  A jelly (D:5)
  A hound (D:5)
  8 orc priests
  2 iguanas (D:7)
  Natasha (thrice) (D:2)
  11 orc wizards
  9 adders
  3 white imps
  3 ufetubi
  A worm (D:2)
  2 dart slugs
  35 orcs
  5 endoplasms
  2 giant cockroaches
  13 hobgoblins
  13 kobolds
  3 quokkas
  4 ball pythons
  3 bats
  3 frilled lizards
  7 goblins
  5 rats
410 creatures vanquished.

Vanquished Creatures (collateral kills)
  2 death yaks (Lair:4)
  A bog body (Lair:2)
  2 elephants (Lair:5)
  3 torpor snails
  A cane toad (Lair:2)
  A hornet (Lair:5)
  A tyrant leech (Lair:5)
  3 yaks (Lair:2)
  A basilisk (Lair:5)
15 creatures vanquished.

Vanquished Creatures (others)
  An orc wizard (Orc:1)
  46 fungi
  91 plants
  2 withered plants (D:10)
140 creatures vanquished.

Grand Total: 565 creatures vanquished

Notes
Turn   | Place    | Note
-------+----------+-------------------------------------------
     0 | D:1      | ragingrage the Felid Berserker began the quest for the Orb.
     0 | D:1      | Reached XP level 1. HP: 10/10 MP: 2/2
   124 | D:1      | Reached XP level 2. HP: 13/14 MP: 3/3
   307 | D:1      | Reached skill level 1 in Stealth
   834 | D:2      | Identified the +1 leather armour of the Slorg {Dex+4}
   945 | D:2      | Noticed Natasha
   962 | D:2      | Killed Natasha
   963 | D:2      | Reached XP level 3. HP: 15/17 MP: 4/4
  1018 | D:2      | Noticed Natasha
  1030 | D:2      | Killed Natasha
  1031 | D:2      | Reached skill level 4 in Unarmed Combat
  1031 | D:2      | Reached XP level 4. HP: 11/21 MP: 5/5
  1149 | D:2      | Reached ** piety under Trog
  1154 | D:2      | Found a bloodstained altar of Trog.
  1216 | D:2      | Noticed Natasha
  1226 | D:2      | Killed Natasha
  1471 | D:2      | Reached skill level 5 in Dodging
  1516 | D:2      | Reached XP level 5. HP: 21/24 MP: 6/6
  2822 | D:4      | Found a staircase to the Ecumenical Temple.
  2991 | D:4      | Reached skill level 5 in Unarmed Combat
  3080 | D:4      | Gained mutation: You are covered in thick fur. (AC +2)
                  | [Felid growth]
  3080 | D:4      | Reached XP level 6. HP: 22/28 MP: 7/7
  3345 | D:4      | Found a stormy altar of Qazlal.
  3485 | D:5      | Entered Level 5 of the Dungeon
  3889 | D:5      | Reached skill level 6 in Unarmed Combat
  3968 | D:5      | Reached XP level 7. HP: 31/31 MP: 8/8
  4314 | D:5      | Noticed Menkaure
  4317 | D:5      | Killed Menkaure
  4318 | D:5      | Reached skill level 5 in Stealth
  4871 | D:6      | Noticed Maggie
  4877 | D:6      | Killed Maggie
  4878 | D:6      | Reached skill level 7 in Unarmed Combat
  4986 | D:6      | Reached XP level 8. HP: 26/34 MP: 9/9
  5208 | D:6      | Identified the +2 flail of Lecex {spect, *Rage rElec rCorr
                  | Stlth+}
  5387 | D:6      | Found an ornate altar of the Wu Jian Council.
  5771 | D:5      | Reached skill level 8 in Unarmed Combat
  6425 | D:7      | Reached *** piety under Trog
  6844 | D:6      | Reached XP level 9. HP: 17/38 MP: 10/10
  7335 | D:6      | Reached skill level 9 in Unarmed Combat
  7686 | D:7      | Found a white marble altar of Elyvilon.
  7706 | D:7      | Found a snail-covered altar of Cheibriados.
  7955 | D:7      | Found a broken altar of Ashenzari.
  8431 | D:8      | Noticed Erica
  8478 | D:8      | Noticed Pikel
  8481 | D:8      | Killed Pikel
  8482 | D:8      | Reached skill level 10 in Unarmed Combat
  8518 | D:8      | Killed Erica
  8519 | D:8      | Reached skill level 5 in Fighting
  8519 | D:8      | Reached XP level 10. HP: 35/44 MP: 11/11
  8753 | D:8      | Found Zin's Purification Station.
  8757 | D:8      | Found a glowing silver altar of Zin.
  8762 | D:8      | Bought a potion of curing for 90 gold pieces
  8784 | D:8      | Reached skill level 10 in Dodging
  9225 | D:8      | Reached skill level 10 in Stealth
  9443 | D:8      | Reached skill level 11 in Unarmed Combat
  9503 | D:8      | Reached **** piety under Trog
  9624 | D:8      | Found an opulent altar of Gozag.
  9626 | D:8      | Found Gozag's Platinum Reserve.
 10210 | D:9      | Noticed Maurice
 10225 | D:9      | Killed Maurice
 10226 | D:9      | Reached skill level 12 in Unarmed Combat
 10228 | D:9      | Reached XP level 11. HP: 39/49 MP: 12/12
 11663 | D:9      | Noticed Harold
 11725 | D:9      | Killed Harold
 11733 | D:9      | Killed from afar by an acid dragon
 11734 | D:9      | Reached XP level 10. HP: -9/47 MP: 11/11
 11739 | D:10     | Entered Level 10 of the Dungeon
 11739 | D:10     | Noticed a two-headed ogre
 11740 | D:10     | Killed a two-headed ogre
 12496 | D:10     | Identified the +5 falchion of Abomination {freeze, Str-3
                  | Int+4 Dex+2}
 12729 | D:10     | Found a runed translucent door.
 12733 | D:10     | Noticed Dordric's ghost (journeyman FoFi)
 13162 | D:11     | Noticed a manticore
 13239 | D:11     | Found a staircase to the Orcish Mines.
 13317 | D:11     | HP: 1/48 [manticore (6)]
 13318 | D:11     | Killed a manticore
 13319 | D:11     | Reached skill level 13 in Unarmed Combat
 13597 | D:11     | Reached skill level 1 in Evocations
 13632 | D:11     | Reached XP level 11. HP: 32/51 MP: 12/12
 14087 | D:12     | Noticed a two-headed ogre
 14091 | D:12     | Killed a two-headed ogre
 14609 | D:9      | Found a staircase to the Lair.
 15260 | Lair:1   | Entered Level 1 of the Lair of Beasts
 15347 | Lair:1   | Identified the +8 halberd of Vuumesch {elec, Int+4 Stlth+}
 15868 | Lair:1   | Identified the +7 dagger "Athreruq" {protect, rN+}
 16278 | Lair:2   | Reached skill level 14 in Unarmed Combat
 16600 | Lair:2   | Noticed a bog body
 16626 | Lair:2   | Killed a bog body
 16627 | Lair:2   | Gained mutation: Your thick and shaggy fur keeps you warm.
                  | (AC +3, rC+) [Felid growth]
 16627 | Lair:2   | Reached XP level 12. HP: 41/57 MP: 13/13
 17335 | Lair:2   | Reached skill level 5 in Evocations
 17350 | Lair:2   | Noticed an eight-headed hydra
 17816 | Lair:2   | Found the +18 Lear's hauberk
 18107 | Lair:2   | Killed an eight-headed hydra
 18498 | Lair:2   | Found a staircase to the Swamp.
 18675 | Lair:3   | Reached skill level 15 in Unarmed Combat
 18743 | Lair:3   | Reached ***** piety under Trog
 19829 | Lair:3   | Found a hole to the Spider Nest.
 19829 | Lair:3   | Noticed a seven-headed hydra
 20177 | Lair:3   | Killed a seven-headed hydra
 20340 | Lair:3   | Noticed a six-headed hydra
 20365 | Lair:3   | Killed a six-headed hydra
 20366 | Lair:3   | Reached skill level 10 in Fighting
 20366 | Lair:3   | Reached XP level 13. HP: 54/61 MP: 14/14
 20774 | Lair:4   | Reached skill level 15 in Stealth
 21390 | Lair:4   | Noticed Urug
 21401 | Lair:4   | Killed Urug
 21423 | Lair:4   | Found a transporter.
 21427 | Lair:5   | Entered Level 5 of the Lair of Beasts
 21600 | Lair:5   | Reached skill level 16 in Unarmed Combat
 21684 | Lair:4   | Found a viscous altar of Jiyva.
 21685 | Lair:4   | Found a staircase to the Slime Pits.
 21703 | Lair:4   | Found a large runed translucent door.
 21703 | Lair:4   | Noticed lotum's ghost (journeyman GrEE)
 21704 | Lair:4   | Found a large runed translucent door.
 22300 | Lair:4   | Found a transporter.
 22513 | Lair:4   | Slain by a blink frog
 22514 | Lair:4   | Reached XP level 12. HP: -2/87 MP: 13/13
 23370 | Lair:5   | Noticed a death yak
 23389 | Lair:5   | Killed a death yak
 23574 | Lair:5   | Noticed a boulder beetle
 23575 | Lair:5   | Noticed an eight-headed hydra
 23602 | Lair:5   | Killed a boulder beetle
 23795 | Lair:5   | Killed an eight-headed hydra
 24029 | Lair:5   | Found a runed translucent door.
 24030 | Lair:5   | Noticed a fire dragon
 24033 | Lair:5   | Reached XP level 13. HP: 61/61 MP: 14/14
 24043 | Lair:5   | Killed a fire dragon
 25316 | Lair:5   | Mangled by a death yak
 25317 | Lair:5   | Reached XP level 12. HP: -13/58 MP: 13/13
 25317 | Lair:5   | Noticed a death yak
 25317 | Lair:5   | Noticed an eight-headed hydra
 25924 | Lair:5   | Noticed an eight-headed hydra
 25934 | Lair:5   | Killed an eight-headed hydra
 26259 | Lair:5   | Killed a death yak
 26331 | Lair:5   | Noticed a catoblepas
 26843 | Lair:5   | Reached skill level 17 in Unarmed Combat
 27786 | Lair:5   | Killed a catoblepas
 28316 | Lair:5   | Killed a death yak
 28783 | Lair:5   | Killed an eight-headed hydra
 29650 | Orc:1    | Entered Level 1 of the Orcish Mines
 29674 | Orc:1    | Found Ibash's Magic Scroll Boutique.
 29841 | Orc:1    | Bought a scroll of fear for 52 gold pieces
 29841 | Orc:1    | Bought a scroll of magic mapping for 97 gold pieces
 29841 | Orc:1    | Bought a scroll of noise for 13 gold pieces
 29865 | Orc:1    | Reached XP level 13. HP: 61/61 MP: 14/14
 30099 | Orc:1    | Noticed an orc warlord
 30370 | Orc:1    | Found a runed translucent gate.
 30371 | Orc:1    | Found a runed translucent gate.
 30390 | Orc:1    | Found a runed translucent gate.
 30390 | Orc:1    | Noticed a merfolk javelineer
 30393 | Orc:1    | Noticed p00ps00p's ghost (journeyman HOFi)
 30393 | Orc:1    | Noticed a minotaur
 30519 | Orc:1    | Demolished by an orc warlord

Illustrated notes

Levels and vault maps discovered:
D:1:      dpeg_arrival_round_b, layout_rooms
D:2:      layout_basic, basic_altar, kennysheep_generic_room_3, uniq_natasha
D:3:      layout_basic, minmay_goblin_kobold_house
D:4:      layout_basic, nicolae_qazlal_scattered_showers,
          minmay_temple_entry_wispy, minmay_checkerbox
D:5:      layout_loops_ring, kennysheep_cross_bottleneck, minmay_crystal_room,
          nicolae_hexahallways, grunt_decor_resistance,
          minmay_stone_trees_small, kennysheep_flooded_box,
          minmay_misc_feat_plants, uniq_menkaure
D:6:      layout_gridville, mainiacjoe_overflow_alcove_4,
          minmay_misc_feat_square, chequers_jeans, nicolae_zen_rock_garden,
          uniq_maggie
D:7:      layout_gridville, nicolae_ashenzari_skybound,
          grunt_temple_overflow_open, skrybe_limestone_x
D:8:      argonaut_augean_stables, layout_basic, zin_purify,
          nicolae_gozag_zags_fifth_avenue, uniq_pikel, uniq_erica
D:9:      layout_cross, david_lair_shrubbed, uniq_maurice, uniq_harold
D:10:     layout_stronghold, gammafunk_ghost_grave
D:11:     layout_irregular_city, orc_0_dummy
D:12:     layout_stronghold, nicolae_trove_entry_isolated
Lair:1:   layout_loops_ring
Lair:2:   layout_small_grid, nicolae_swamp_entry_splash_gauntlet
Lair:3:   layout_cave_pods, spider_nest_entry_webs, wad_woods_river_01
Lair:4:   gammafunk_worm_tunnel, layout_regular_city, slime_entry_1,
          ebering_ghost_disaster_area, serial_bayou_shore_a, uniq_urug
Lair:5:   wormcave, layout_small_grid, hangedman_lair_in_review
Orc:1:    layout_diamond_mine, serial_shops,
          nicolae_shop_competitors_out_of_business,
          gammafunk_ghost_fury_of_okawaru

Skill      XL: |  1  2  3  4  5  6  7  8  9 10 11 12 13 |
---------------+----------------------------------------+-----
Stealth        | 1 2 3 4 6 8 9 12 13 14 16 | 16.5
Unarmed Combat | 4 5 6 7 8 10 13 14 17 16 | 17.3
Dodging        | 5 6 7 8 9 10 12 13 | 13.0
Fighting       | 5 6 9 10 | 10.3
Evocations     | 1 4 9 7 |  9.0

Action                   |  1- 3 |  4- 6 |  7- 9 | 10-12 | 13-15 || total
-------------------------+-------+-------+-------+-------+-------++-------
Melee: Unarmed           |    81 |   156 |   194 |   802 |   253 ||  1486
       Bite              |     8 |     7 |    32 |    99 |    18 ||   164
       Punch             |     3 |     3 |    14 |    65 |    31 ||   116
Invok: Berserk           |     3 |     3 |     7 |    18 |     3 ||    34
       Brothers in Arms  |       |       |       |     3 |     2 ||     5
Evoke: Wand              |       |       |       |     8 |     3 ||    11
  Use: Scroll            |       |       |       |    15 |     1 ||    16
       Potion            |       |       |       |     1 |     2 ||     3
 Stab: Sleeping          |     1 |     9 |     2 |    44 |    15 ||    71
       Distracted        |       |       |     1 |     5 |     2 ||     8
Armor: Skin              |     2 |     3 |     9 |    30 |     8 ||    52
Dodge: Dodged            |    45 |   125 |   130 |   559 |   189 ||  1048

Table legend: (Time is in decaauts)
 A = Elapsed time spent in this place.
 B = Non-inter-level travel time spent in this place.
 C = Inter-level travel time spent in this place.
 D = Time resting spent in this place.
 E = Time spent auto-exploring this place.
 F = Levels seen in this place.
 G = Mean time per level.
                   A        B        C        D        E       F      G
               +--------+--------+--------+--------+--------+-----+--------+
         Total |  27450 |  26161 |   1289 |  11159 |  10281 |  18 | 1525.0 |
       Dungeon |  13826 |  12930 |    896 |   4878 |   5813 |  12 | 1152.2 |
          Lair |  13009 |  12617 |    392 |   6143 |   4203 |   5 | 2601.8 |
  Orcish Mines |    614 |    614 |      0 |    137 |    264 |   1 |  614.0 |
               +--------+--------+--------+--------+--------+-----+--------+

Top non-repeatable levels by time:
  Lair:5: 5770 daAuts
     D:8: 2940 daAuts
  Lair:4: 2190 daAuts
  Lair:2: 2106 daAuts
  Lair:3: 2061 daAuts
     D:6: 1887 daAuts
     D:5: 1438 daAuts
    D:11: 1253 daAuts
    D:10: 1233 daAuts
     D:9: 1095 daAuts
     D:7: 958 daAuts
  Lair:1: 880 daAuts
     D:1: 815 daAuts
     D:3: 783 daAuts
     D:2: 760 daAuts
